 Dungeon Crawl Stone Soup version 0.29.1-13-g9f3cf754e1 (webtiles) character file.

Game seed: 9375138003203704949

7 Exodus22XD the Trooper (level 1, 20/20 HPs)
             Began as a Minotaur Fighter on Feb 4, 2023.
             Was a Follower of Kikubaaqudgha.
             Quit the game on level 1 of the Dungeon.
             The game lasted 00:00:15 (327 turns).

Exodus22XD the Trooper (Minotaur Fighter)            Turns: 327, Time: 00:00:15

Health: 20/20      AC:  7    Str: 20    XL:     1   Next: 91%
Magic:  0/0        EV:  9    Int:  5    God:    Kikubaaqudgha [*.....]
Gold:   41         SH:  4    Dex:  9    Spells: 0/0 levels left

rFire   . . .      SeeInvis .   a - +0 war axe
rCold   . . .      Faith    .   c - +0 buckler
rNeg    . . .      Spirit   .   b - +0 scale mail
rPois   .          Reflect  .   (helmet restricted)
rElec   .          Harm     .   (no cloak)
rCorr   .          Rampage  .   (no gloves)
Will    .....                   (no boots)
Stlth   ..........              (no amulet)
HPRegen 0.06/turn               (no ring)
MPRegen 0.07/turn               (no ring)

@: no status effects
A: horns 2, retaliatory headbutt
a: Renounce Religion, Unearth Wretches


You were on level 1 of the Dungeon.
You worshipped Kikubaaqudgha.
Kikubaaqudgha was aware of your devotion.
You visited 1 branch of the dungeon, and saw 1 of its levels.

You collected 41 gold pieces.

Inventory:

Hand Weapons
 a - a +0 war axe (weapon)
Armour
 b - a +0 scale mail (worn)
 c - a +0 buckler (worn)
Scrolls
 f - a scroll of fear {unknown}
Potions
 d - a potion of might
 e - a potion of invisibility {unknown}


   Skills:
 + Level 3.8 Fighting
 + Level 2.5 Axes
 + Level 3.8 Armour
 + Level 3.8 Shields


You couldn't memorise any spells.
You didn't know any spells.
Your spell library contained the following spells:

 Spells                   Type           Power      Damage    Failure   Level
 Necrotise                Necr           0%         1d4       89%         1
 Vampiric Draining        Necr           0%         2d6       99%         3
 Anguish                  Hex/Necr       0%         N/A       100%        4
 Animate Dead             Necr           0%         N/A       100%        4


Dungeon Overview and Level Annotations

Branches:
Dungeon (1/15)

Altars:
Kikubaaqudgha


Innate Abilities, Weirdness & Mutations

You have a pair of horns on your head.
You reflexively headbutt those who attack you in melee.


Message History

You slash the ball python!
You kill the ball python!
No target in view!
You see here a ball python corpse.
Found a robe.
No target in view!
No target in view!
A bat comes into view.
Found a faded altar of an unknown god.
The bat hits you but does no damage. The bat hits you.
You completely miss the bat. Your headbutt misses the bat.
The bat barely misses you. The bat misses you. You furiously retaliate!
You headbutt the bat.
A bat is nearby!
You miss the bat. Your headbutt misses the bat.
The bat is moderately wounded.
The bat hits you but does no damage.
You closely miss the bat. Your headbutt misses the bat.
The bat is moderately wounded.
The bat hits you but does no damage. x2
You barely miss the bat. Your headbutt misses the bat.
The bat is moderately wounded.
The bat barely misses you. The bat hits you but does no damage.
The bat completely misses you. The bat hits you but does no damage.
The bat hits you but does no damage. The bat hits you but does no damage.
You slash the bat!
You kill the bat!
No target in view!
Found a stone staircase leading down.
There is a faded altar of an unknown god here.
You cannot tell which god this altar belongs to.
Convert to them anyway?
Kikubaaqudgha accepts your prayer! Kikubaaqudgha welcomes you!
You can now bring forth the wretched and dying.
Kikubaaqudgha grants you a gift!
You add the spells Necrotise, Vampiric Draining, Anguish and Animate Dead to your library.
Are you sure you want to abandon this character and quit the game? (Confirm with "yes".)

........#
#...#
#......# #
........##
#...#
#......# #
.........#
#...#
#......# #
.........#
#...#
######## #
.......#.#
#...# #
########.#
#...# #
#.#####.#
#
#.#⌠....#
#....@..#
#.[∩..###
#....##
#...####
..>### ###


There were no monsters in sight!

Vanquished Creatures
  A dart slug (D:1)
  An endoplasm (D:1)
  A ball python (D:1)
  A bat (D:1)
  A frilled lizard (D:1)
  A kobold (D:1)
  A rat (D:1)
7 creatures vanquished.

Notes
Turn   | Place    | Note
-------+----------+-------------------------------------------
     0 | D:1      | Exodus22XD the Minotaur Fighter began the quest for the
                  | Orb.
     0 | D:1      | Reached XP level 1. HP: 19/19 MP: 0/0
   306 | D:1      | Found a faded altar of an unknown god.
   326 | D:1      | Prayed at the altar of an unknown god.
   326 | D:1      | Became a worshipper of Kikubaaqudgha
   326 | D:1      | Reached * piety under Kikubaaqudgha
   326 | D:1      | Received a gift from Kikubaaqudgha
   327 | D:1      | Quit the game

Illustrated notes

Levels and vault maps discovered:
D:1:      amcnicky_arrival_single_pillar, layout_basic, serial_shops,
          shop_fountains, ebering_ecumenical_altar_abandoned,
          roderic_filled_cross

Action                   || total
-------------------------++-------
Melee: War axe           ||    14
Armor: Scale mail        ||    11
Dodge: Dodged            ||     8
Block: Buckler           ||     3
